 Dungeon Crawl Stone Soup version 0.22-a0-515-g75794bf (webtiles) character file.

1540 epen the Insei (level 8, -8/67 HPs)
             Began as a Gnoll Monk on June 19, 2018.
             Was a Priest of Cheibriados.
             Mangled by an orc warrior
             ... wielding a +0 flail
              (14 damage)
             ... on level 7 of the Dungeon.
             The game lasted 00:09:27 (5581 turns).

epen the Insei (Gnoll Monk)                         Turns: 5581, Time: 00:09:28

Health: -8/67      AC: 10    Str: 19    XL:     8   Next: 86%
Magic:  6/13       EV: 15    Int: 26    God:    Cheibriados [***...]
Gold:   225        SH:  9    Dex: 23    Spells: 14/14 levels left

rFire    . . .     SeeInvis .     - Unarmed
rCold    + . .     Gourm    .   u - +3 buckler of the Barracuda {-Tele rC+ Int+4}
rNeg     . . .     Faith    .   d - +1 scale mail
rPois    .         Spirit   .   w - +0 helmet
rElec    .         Reflect  .   e - +0 cloak
rCorr    .         Harm     .   (no gloves)
MR       .....     NoTele   +   (no boots)
Stlth    ++........             (no amulet)
HPRegen  0.21/turn              r - ring of flight
MPRegen  0.13/turn              (no ring)

@: very slow
A: distributed training, fangs 1, strong nose
a: Bend Time, Temporal Distortion, Renounce Religion, Evoke Flight


You were on level 7 of the Dungeon.
You worshipped Cheibriados.
Cheibriados was most pleased with you.
You were hungry.

You visited 2 branches of the dungeon, and saw 8 of its levels.

You collected 225 gold pieces.

Inventory:

Missiles
 l - a throwing net (quivered)
Armour
 a - a +0 robe
 d - a +1 scale mail (worn)
 e - a +0 cloak (worn)
 p - a +0 leather armour of fire resistance
 u - the +3 buckler of the Barracuda (worn) {-Tele rC+ Int+4}
   (You found it on level 6 of the Dungeon)

   It affects your intelligence (+4).
   It protects you from cold.
   It prevents most forms of teleportation.
 w - a +0 helmet (worn)
Jewellery
 r - a ring of flight (left hand)
Wands
 c - a wand of paralysis (12)
 i - a wand of flame (15)
 o - a wand of iceblast (7)
 t - a wand of digging (6)
Scrolls
 h - 4 scrolls of teleportation
 m - a scroll of fear
 v - 2 scrolls of remove curse {unknown}
Potions
 f - 2 potions of curing
 g - a potion of agility
 j - 2 potions of lignification
 k - 2 potions of heal wounds {unknown}
 n - 3 potions of brilliance {unknown}
 q - a potion of invisibility
 s - 2 potions of might
Comestibles
 b - 12 rations


   Skills:
 + Level 7.5 Fighting
 + Level 3.5 Short Blades
 + Level 3.5 Long Blades
 + Level 3.5 Axes
 + Level 3.5 Maces & Flails
 + Level 3.5 Polearms
 + Level 3.5 Staves
 + Level 3.5 Slings
 + Level 3.5 Bows
 + Level 3.5 Crossbows
 + Level 3.5 Throwing
 + Level 3.5 Armour
 + Level 7.5 Dodging
 + Level 5.5 Stealth
 + Level 3.5 Shields
 + Level 7.5 Unarmed Combat
 + Level 3.5 Spellcasting
 + Level 2.9 Conjurations
 + Level 2.9 Hexes
 + Level 2.9 Charms
 + Level 2.9 Summonings
 + Level 2.9 Necromancy
 + Level 2.9 Translocations
 + Level 2.9 Transmutations
 + Level 2.9 Fire Magic
 + Level 2.9 Ice Magic
 + Level 2.9 Air Magic
 + Level 2.9 Earth Magic
 + Level 2.9 Poison Magic
 + Level 3.9 Invocations
 + Level 3.5 Evocations


You had 14 spell levels left.
You didn't know any spells.
Your spell library was empty.

Dungeon Overview and Level Annotations

Branches:
Dungeon (7/15)             Temple (1/1) D:5

Altars:
Ashenzari
Cheibriados
Dithmenos
Elyvilon
Fedhas
Gozag
Hepliaklqana
Kikubaaqudgha
Makhleb
Nemelex Xobeh
Okawaru
Qazlal
Ru
Sif Muna
Trog
Uskayaw
Vehumet
Wu Jian
Xom
Yredelemnul
Zin
The Shining One

Shops:
D:5 =


Innate Abilities, Weirdness & Mutations

Your experience applies equally to all skills.
You have very sharp teeth.
Your uncanny sense of smell can sniff out nearby items.


Message History

You cannot teleport because you are wearing the +3 buckler of the Barracuda {-Tele rC+ Int+4}.
You punch the orc wizard!
The orc wizard is almost dead.
The orc wizard casts a spell at you. The magic dart hits you!
* * * LOW HITPOINT WARNING * * *
You hit the orc wizard.
You kill the orc wizard!
Cheibriados thoroughly appreciates the change of pace.
The orc warrior closely misses you.
You closely miss the iguana. You block the iguana's attack.
The orc wizard completely misses you.
You hit the iguana.
The iguana is lightly wounded.
The orc warrior hits you with a flail!
* * * LOW HITPOINT WARNING * * *
You block the iguana's attack.
You feel better. You block the orc wizard's attack.
The orc warrior hits you with a flail!
You die...

## #....# ##
... #<...# ..
>..###....# #.#
#....#..).#...#
#......)?###
##../..#....!.
##...(.....###
##o.....###..#
##@l(....# .#
#o)#.....# .#
#.).##.##....#
.
#.####.####..#
... ∆ ... ....
.... ..?# #..#
#### .### $#


You could see an orc warrior, an iguana and an orc wizard.

Vanquished Creatures
  A sky beast (D:5)
  2 ogres
  A phantom (D:4)
  A centaur (D:7)
  2 bullfrogs (D:6)
  2 scorpions (D:5)
  4 hounds
  7 orc wizards
  3 orc priests
  2 jellies (D:5)
  Jessica (D:2)
  Natasha (thrice) (D:2)
  A centaur skeleton (D:6)
  2 worker ants (D:6)
  A howler monkey skeleton (D:5)
  A gnoll (D:1)
  7 adders
  An ooze (D:4)
  2 adder zombies (D:6)
  An adder skeleton (D:7)
  2 worms
  3 leopard geckos
  31 orcs
  A ball python (D:1)
  5 giant cockroaches
  4 hobgoblins
  12 jackals
  5 quokkas
  8 bats
  2 frilled lizards
  9 goblins
  A jackal skeleton (D:3)
  4 kobolds
  8 rats
  A spectral orc (D:5)
141 creatures vanquished.

Notes
Turn   | Place    | Note
-------+----------+-------------------------------------------
     0 | D:1      | epen the Gnoll Monk began the quest for the Orb.
     0 | D:1      | Reached XP level 1. HP: 23/23 MP: 1/1
   148 | D:1      | Reached XP level 2. HP: 29/29 MP: 2/2
   338 | D:1      | Reached XP level 3. HP: 35/35 MP: 3/3
   969 | D:2      | Noticed Jessica
   975 | D:2      | Killed Jessica
   975 | D:2      | Reached skill level 1 in Short Blades
   975 | D:2      | Reached skill level 1 in Long Blades
   975 | D:2      | Reached skill level 1 in Axes
   975 | D:2      | Reached skill level 1 in Maces & Flails
   975 | D:2      | Reached skill level 1 in Polearms
   975 | D:2      | Reached skill level 1 in Staves
   975 | D:2      | Reached skill level 1 in Slings
   975 | D:2      | Reached skill level 1 in Bows
   975 | D:2      | Reached skill level 1 in Crossbows
   975 | D:2      | Reached skill level 1 in Throwing
   975 | D:2      | Reached skill level 1 in Armour
   975 | D:2      | Reached skill level 1 in Shields
   975 | D:2      | Reached skill level 1 in Spellcasting
   975 | D:2      | Reached skill level 1 in Invocations
   975 | D:2      | Reached skill level 1 in Evocations
  1024 | D:2      | Reached XP level 4. HP: 41/41 MP: 5/5
  1057 | D:2      | Noticed Natasha
  1066 | D:2      | Killed Natasha
  1066 | D:2      | Reached skill level 1 in Conjurations
  1066 | D:2      | Reached skill level 1 in Hexes
  1066 | D:2      | Reached skill level 1 in Charms
  1066 | D:2      | Reached skill level 1 in Summonings
  1066 | D:2      | Reached skill level 1 in Necromancy
  1066 | D:2      | Reached skill level 1 in Translocations
  1066 | D:2      | Reached skill level 1 in Transmutations
  1066 | D:2      | Reached skill level 1 in Fire Magic
  1066 | D:2      | Reached skill level 1 in Ice Magic
  1066 | D:2      | Reached skill level 1 in Air Magic
  1066 | D:2      | Reached skill level 1 in Earth Magic
  1066 | D:2      | Reached skill level 1 in Poison Magic
  1185 | D:2      | Found a glowing golden altar of the Shining One.
  1258 | D:2      | Reached XP level 5. HP: 44/47 MP: 6/6
  1412 | D:2      | Noticed Natasha
  1421 | D:2      | Killed Natasha
  1455 | D:2      | Noticed Natasha
  1466 | D:2      | Killed Natasha
  2358 | D:3      | Reached XP level 6. HP: 47/53 MP: 8/8
  2694 | D:4      | Noticed a phantom
  2720 | D:4      | Killed a phantom
  2751 | D:4      | Reached XP level 7. HP: 38/59 MP: 10/10
  3576 | D:5      | Entered Level 5 of the Dungeon
  3720 | D:5      | Found a staircase to the Ecumenical Temple.
  3740 | Temple   | Entered the Ecumenical Temple
  3868 | Temple   | Became a worshipper of Cheibriados the Contemplative
  3868 | Temple   | Reached * piety under Cheibriados
  3868 | Temple   | Reached ** piety under Cheibriados
  3943 | D:5      | Found Zihyv's Jewellery Shop.
  3951 | D:5      | Reached skill level 5 in Stealth
  4428 | D:5      | Reached XP level 8. HP: 67/67 MP: 12/12
  4458 | D:5      | Found a basalt altar of Yredelemnul.
  5062 | D:6      | Got a brightly glowing buckler
  5068 | D:6      | Identified the +3 buckler of the Barracuda {-Tele rC+ Int+4} (You found it on level 6 of the Dungeon)
  5121 | D:6      | Reached *** piety under Cheibriados
  5580 | D:7      | HP: 1/67 [orc warrior/flail (13)]
  5581 | D:7      | Mangled by an orc warrior

Vault maps used:
D:1:      dpeg_arrival_concentric_ovals
D:2:      first_ration, tso_metal_star, uniq_jessica, uniq_natasha
D:3:      minmay_misc_feat_tiny
D:5:      yredelemnul_forgotten_temple_becter, minmay_temple_entry_junction,
          serial_shops, shop, minmay_fountain_box
D:6:      minmay_misc_feat_pillars
Temple:   kilobyte_greek_temple

Skill      XL: |  1  2  3  4  5  6  7  8 |
---------------+-------------------------+-----
Short Blades   | 1 2 3 |  3.5
Long Blades    | 1 2 3 |  3.5
Axes           | 1 2 3 |  3.5
Maces & Flails | 1 2 3 |  3.5
Polearms       | 1 2 3 |  3.5
Staves         | 1 2 3 |  3.5
Slings         | 1 2 3 |  3.5
Bows           | 1 2 3 |  3.5
Crossbows      | 1 2 3 |  3.5
Throwing       | 1 2 3 |  3.5
Armour         | 1 2 3 |  3.5
Shields        | 1 2 3 |  3.5
Spellcasting   | 1 2 3 |  3.5
Invocations    | 1 2 3 |  3.9
Evocations     | 1 2 3 |  3.5
Conjurations   | 1 2 |  2.9
Hexes          | 1 2 |  2.9
Charms         | 1 2 |  2.9
Summonings     | 1 2 |  2.9
Necromancy     | 1 2 |  2.9
Translocations | 1 2 |  2.9
Transmutations | 1 2 |  2.9
Fire Magic     | 1 2 |  2.9
Ice Magic      | 1 2 |  2.9
Air Magic      | 1 2 |  2.9
Earth Magic    | 1 2 |  2.9
Poison Magic   | 1 2 |  2.9
Fighting       | 7 |  7.5
Dodging        | 7 |  7.5
Unarmed Combat | 7 |  7.5
Stealth        | 5 |  5.5

Action                   |  1- 3 |  4- 6 |  7- 9 || total
-------------------------+-------+-------+-------++-------
Melee: Unarmed           |    73 |   199 |   234 ||   506
       Bite              |     6 |    19 |    34 ||    59
       Punch             |     1 |     6 |    13 ||    20
Invok: Temporal Distorti |       |       |     2 ||     2
  Use: Scroll            |       |       |    10 ||    10
       Potion            |       |       |     2 ||     2
 Stab: Sleeping          |     3 |     2 |     3 ||     8
  Eat: Chunk             |       |     6 |     6 ||    12
Armor: Robe              |     2 |       |       ||     2
       Scale mail        |    17 |    50 |    61 ||   128
Dodge: Dodged            |    64 |   117 |   101 ||   282
Block: Buckler           |       |       |    22 ||    22

Table legend:
 A = Spawn XP
 B = Non-spawn XP
 C = Spawn XP percentage of total XP
 D = Spawn monster count
 E = Non-spawn monster count
 F = Spawn count percentage of total count
 G = Total turns spent on level
                    A         B        C        D         E        F      G
               +---------+---------+-------+---------+---------+-------+---------
         Total |       0 |    2200 |   0.0 |       0 |     141 |   0.0 |  5581
               +---------+---------+-------+---------+---------+-------+---------
           D:1 |       0 |      41 |   0.0 |       0 |      20 |   0.0 |   844
           D:2 |       0 |     202 |   0.0 |       0 |      23 |   0.0 |   895
           D:3 |       0 |     244 |   0.0 |       0 |      35 |   0.0 |   955
           D:4 |       0 |     304 |   0.0 |       0 |      17 |   0.0 |   882
           D:5 |       0 |     568 |   0.0 |       0 |      17 |   0.0 |  1168
           D:6 |       0 |     551 |   0.0 |       0 |      23 |   0.0 |   626
           D:7 |       0 |     290 |   0.0 |       0 |       6 |   0.0 |    44
               +---------+---------+-------+---------+---------+-------+---------
